[Event "ICC tourney 2548 (75 10)"]
[Site "Internet Chess Club"]
[Date "2021.05.01"]
[Round "2"]
[White "LUO, TERRY:Terry1234"]
[Black "BELOUS, VLADIMIR:Openyagami"]
[Result "1/2-1/2"]
[ICCResult "Game drawn by mutual agreement"]
[WhiteElo "2266"]
[BlackElo "2602"]
[Opening "King's Indian: Kazakh variation"]
[ECO "E91"]
[NIC "KI.19"]
[Time "14:31:18"]
[PlyCount "107"]
[TimeControl "4500+10"]

1. d4 Nf6 2. c4 g6 3. Nc3 Bg7 4. e4 d6 5. Nf3 O-O 6. Be2 Na6 7. O-O e5 8.
Re1 c6 9. Bf1 Bg4 10. d5 Nb4 11. Be2 a5 12. h3 Bd7 13. Bf1 Kh8 14. Rb1 Na6
15. a3 c5 16. Nb5 Ne8 17. Bd3 f5 18. exf5 gxf5 19. Ng5 Qe7 20. Qh5 h6 21.
Bd2 e4 22. Bf1 Bxb5 23. cxb5 Nac7 24. Nf3 Qf7 25. Qxf7 Rxf7 26. Nh4 b6 27.
Bc4 Kh7 28. g3 Bd4 29. Be3 Be5 30. b3 f4 31. gxf4 Bxf4 32. Bxf4 Rxf4 33.
Ng2 Rf7 34. Rxe4 Nf6 35. Rf4 Re8 36. Ne3 Re5 37. Kh1 Nce8 38. Rg1 Rg7 39.
Bd3+ Kg8 40. Rxg7+ Kxg7 41. Nf5+ Kf8 42. Nxd6 Nxd6 43. Rxf6+ Ke7 44. Rxh6
Rxd5 45. Bc4 Rd2 46. f4 a4 47. f5 Nxf5 48. Rxb6 axb3 49. Bxb3 Nd4 50. Bd5
Kd7 51. Rg6 c4 52. Rg3 Rd3 53. Rg7+ Kd6 54. Bxc4 { Game drawn by mutual
agreement } 1/2-1/2

[Event "ICC tourney 2548 (75 10)"]
[Site "Internet Chess Club"]
[Date "2021.05.01"]
[Round "2"]
[White "QUIRKE, JEFFREY L:PawnEatingZombi"]
[Black "JIANG, BRANDON:BranKing"]
[Result "1-0"]
[ICCResult "Black resigns"]
[WhiteElo "2185"]
[BlackElo "2061"]
[Opening "King's Indian: Semi-Averbakh system"]
[ECO "E73"]
[NIC "KI.27"]
[Time "14:31:36"]
[PlyCount "53"]
[TimeControl "4500+10"]

1. d4 Nf6 2. c4 g6 3. Nc3 Bg7 4. e4 d6 5. Be2 O-O 6. Be3 Nc6 7. d5 Nb8 8.
Nf3 e5 9. Nd2 Ne8 10. O-O f5 11. exf5 gxf5 12. f4 Nd7 13. Qc2 Nef6 14. Qxf5
exf4 15. Bxf4 Ne5 16. Qc2 Nfg4 17. Nde4 Rxf4 18. Rxf4 Bh6 19. Bxg4 Nxg4 20.
Rf3 Bg7 21. Raf1 Qh4 22. h3 Bd4+ 23. Kh1 Bd7 24. Qd2 Be5 25. Rf4 Bxf4 26.
Qxf4 Qh5 27. Kg1 { Black resigns } 1-0

[Event "ICC tourney 2548 (75 10)"]
[Site "Internet Chess Club"]
[Date "2021.05.01"]
[Round "2"]
[White "VAKHIDOV, JAKHONGIR:TjkTiger"]
[Black "WOFFORD, MATTHEW:hoshibosh"]
[Result "1-0"]
[ICCResult "Black resigns"]
[WhiteElo "2602"]
[BlackElo "2155"]
[Opening "King's Indian: fianchetto, Yugoslav system"]
[ECO "E64"]
[NIC "EO.64"]
[Time "14:31:35"]
[PlyCount "85"]
[TimeControl "4500+10"]

1. c4 Nf6 2. Nc3 g6 3. g3 Bg7 4. Bg2 O-O 5. d4 d6 6. Nf3 c5 7. d5 Na6 8.
O-O Nc7 9. e4 Bd7 10. e5 Nfe8 11. Re1 Rb8 12. Bf4 b5 13. cxb5 Nxb5 14. Nxb5
Rxb5 15. Qc1 Qb8 16. b3 Bg4 17. exd6 exd6 18. Nd2 Bxa1 19. Qxa1 f6 20. Nc4
g5 21. Bd2 Qd8 22. h3 Bh5 23. Re3 f5 24. Bc3 f4 25. Re1 fxg3 26. fxg3 Rb7
27. Na5 Rbf7 28. Nc6 Qd7 29. Qc1 h6 30. Qe3 Nf6 31. Ne7+ Kg7 32. g4 Bg6 33.
Nxg6 Kxg6 34. Qd3+ Kg7 35. Re6 Re7 36. Qf5 Rxe6 37. dxe6 Qe7 38. Be4 Kh8
39. Qg6 Qg7 40. e7 Qxe7 41. Qxh6+ Kg8 42. Bd5+ Nxd5 43. Qg6+ { Black
resigns } 1-0

[Event "ICC tourney 2548 (75 10)"]
[Site "Internet Chess Club"]
[Date "2021.05.01"]
[Round "2"]
[White "EHSANI, YASSAMIN:Blue-Elephant1"]
[Black "HU, MERRIC:edmehu"]
[Result "1/2-1/2"]
[ICCResult "Game drawn by mutual agreement"]
[WhiteElo "2095"]
[BlackElo "2169"]
[Opening "King's Indian: Sämisch, 5...O-O"]
[ECO "E81"]
[NIC "KI.52"]
[Time "14:31:37"]
[PlyCount "140"]
[TimeControl "4500+10"]

1. d4 Nf6 2. c4 g6 3. Nc3 Bg7 4. e4 d6 5. f3 O-O 6. Nge2 e5 7. dxe5 dxe5 8.
Qxd8 Rxd8 9. Nd5 Na6 10. Bg5 Rd6 11. Kf2 c6 12. Ne7+ Kf8 13. Nxc8 Rxc8 14.
Nc3 Nd7 15. Be2 f6 16. Be3 Ndc5 17. Rhd1 Rcd8 18. Rxd6 Rxd6 19. Rd1 Rxd1
20. Nxd1 b6 21. Nc3 Kf7 22. Ke1 Bf8 23. Kd2 Ne6 24. a3 Bc5 25. b4 Bxe3+ 26.
Kxe3 Nd4 27. Bd1 Ke6 28. Kd2 Kd6 29. Ke3 Nc7 30. Nb1 a5 31. c5+ bxc5 32.
bxa5 c4 33. Kd2 Kc5 34. Nc3 Ncb5 35. a4 Nc7 36. Na2 Nb3+ 37. Kc3 Nxa5 38.
Be2 Ne6 39. Nb4 Nd4 40. Bf1 f5 41. Na6+ Kb6 42. Nb8 Kc7 43. Na6+ Kb6 44.
Nb8 Kc7 45. Na6+ Kb6 46. Nb4 Kc5 47. Bxc4 fxe4 48. fxe4 Nxc4 49. Nd3+ Kd6
50. Kxc4 Ne6 51. a5 Nc7 52. Nf2 h5 53. h4 Na6 54. Nh3 Nc5 55. Ng5 Nd7 56.
Kb4 Kc7 57. Nf7 Kb7 58. Nh8 Nf8 59. Kc5 Kc7 60. a6 Nd7+ 61. Kc4 Kb6 62.
Nxg6 Kxa6 63. Ne7 Kb6 64. Ng6 Kc7 65. Ne7 Nf6 66. Kd3 Kd6 67. Nf5+ Kc5 68.
Ne7 Kb5 69. Ng6 Ng4 70. Ne7 Nf6 { Game drawn by mutual agreement } 1/2-1/2

[Event "ICC tourney 2548 (75 10)"]
[Site "Internet Chess Club"]
[Date "2021.05.01"]
[Round "2"]
[White "KRISHNAKUMAR, SRIRAM:sriramk"]
[Black "TURCOTTE,JONATHAN:JonnyTurgi"]
[Result "1-0"]
[ICCResult "Black resigns"]
[WhiteElo "2149"]
[BlackElo "2100"]
[Opening "Caro-Kann: Panov-Botvinnik attack"]
[ECO "B13"]
[NIC "CK.03"]
[Time "14:31:37"]
[PlyCount "71"]
[TimeControl "4500+10"]

1. e4 c6 2. d4 d5 3. exd5 cxd5 4. c4 Nf6 5. Nc3 Nc6 6. Bg5 dxc4 7. Bxc4 h6
8. Be3 e6 9. Nf3 Be7 10. O-O O-O 11. Ne5 Qa5 12. Nxc6 bxc6 13. Qe2 Nd5 14.
Rac1 Rb8 15. a3 Rb6 16. Bd2 Nxc3 17. Bxc3 Qf5 18. Bd3 Qd5 19. b4 Bf6 20.
Rfd1 Kh8 21. Ba1 Rd8 22. Rc5 Qd6 23. Qe4 g6 24. Qe3 Kg7 25. Be4 Bb7 26. f4
Qd7 27. Qf3 a6 28. Bc2 Qe7 29. g4 Rb5 30. Bc3 Rd5 31. Bb3 Rd8 32. a4 Rb6
33. g5 hxg5 34. fxg5 Bxg5 35. d5+ Bf6 36. d6 { Black resigns } 1-0

[Event "ICC tourney 2548 (75 10)"]
[Site "Internet Chess Club"]
[Date "2021.05.01"]
[Round "2"]
[White "DENG, HENRY:SuperPuzzler"]
[Black "MAITI, MILIND:milindm"]
[Result "1/2-1/2"]
[ICCResult "Game drawn by mutual agreement"]
[WhiteElo "2076"]
[BlackElo "2247"]
[Opening "Sicilian: Taimanov (Bastrikov) variation"]
[ECO "B47"]
[NIC "SI.40"]
[Time "14:31:21"]
[PlyCount "96"]
[TimeControl "4500+10"]

1. e4 c5 2. Nc3 e6 3. Nge2 Nc6 4. d4 cxd4 5. Nxd4 Qc7 6. Be2 a6 7. O-O Nf6
8. Nb3 b5 9. a3 Be7 10. Be3 O-O 11. Kh1 d6 12. f4 Bb7 13. Bf3 Rac8 14. Qe2
Rfe8 15. Bf2 Bf8 16. Rae1 Nd7 17. Bg3 Qb8 18. e5 Nc5 19. exd6 Bxd6 20. Nxc5
Bxc5 21. f5 Qa8 22. fxe6 Rxe6 23. Qd3 Rxe1 24. Rxe1 Nd4 25. Bxb7 Qxb7 26.
Ne4 Ne6 27. Nxc5 Nxc5 28. Qf5 h6 29. h3 Ne6 30. c3 Rd8 31. Qf2 Rd3 32. Kg1
Qd5 33. Re2 Qg5 34. Kh2 Rd1 35. Re1 Rd2 36. Re2 Rd3 37. Re1 Qd5 38. Re2 Rd1
39. Re1 Rxe1 40. Qxe1 Nc5 41. Qe3 Na4 42. Qe2 f6 43. Bf4 Qf5 44. Bd6 Qb1
45. c4 Qxb2 46. Qe8+ Kh7 47. Qe4+ Kg8 48. Qe8+ Kh7 { Game drawn by mutual
agreement } 1/2-1/2

[Event "ICC tourney 2548 (75 10)"]
[Site "Internet Chess Club"]
[Date "2021.05.01"]
[Round "2"]
[White "CARTER, DAVID E:CARTERD253"]
[Black "CHEUNG, RYAN:H2ODerp"]
[Result "0-1"]
[ICCResult "White resigns"]
[WhiteElo "2119"]
[BlackElo "2069"]
[Opening "Nimzo-Indian: Reshevsky variation"]
[ECO "E46"]
[NIC "NI.10"]
[Time "14:31:19"]
[PlyCount "108"]
[TimeControl "4500+10"]

1. d4 Nf6 2. c4 e6 3. Nc3 Bb4 4. e3 O-O 5. Ne2 Re8 6. a3 Bf8 7. Ng3 d5 8.
cxd5 exd5 9. Be2 c6 10. O-O Na6 11. b4 Nc7 12. Qb3 Ne6 13. Rd1 Qb6 14. Bd2
a6 15. Rab1 g6 16. a4 Qc7 17. Rdc1 Bd7 18. a5 Qd8 19. Na4 Bd6 20. Qd1 h5
21. Nc5 Rb8 22. Be1 Kg7 23. f3 Bc7 24. Qd2 Re7 25. Nf1 Ne8 26. Bh4 f6 27.
Bd3 Nxc5 28. Rxc5 Nd6 29. Re1 b6 30. axb6 Bxb6 31. Rcc1 a5 32. Bg3 Bc7 33.
bxa5 Bxa5 34. Qc2 Be8 35. Re2 Rc8 36. Bf2 Bb6 37. e4 dxe4 38. fxe4 Nf7 39.
Qc3 Rd7 40. d5 Ne5 41. Ba6 Bxf2+ 42. Rxf2 Rcc7 43. Qd4 cxd5 44. Rxc7 Qxc7
45. exd5 Qa5 46. Bc4 Nxc4 47. Qxf6+ Kh7 48. Qe6 Nd6 49. Rf8 Qc5+ 50. Kh1
Rf7 51. Rxf7+ Bxf7 52. Qe5 Qf2 53. Qa1 Bxd5 54. Qa7+ Qxa7 { White resigns }
0-1

[Event "ICC tourney 2548 (75 10)"]
[Site "Internet Chess Club"]
[Date "2021.05.01"]
[Round "2"]
[White "YAN, RUIYANG:jy2020"]
[Black "PACIORKOWSKI, LEV:paciorkowski"]
[Result "1-0"]
[ICCResult "Black resigns"]
[WhiteElo "2229"]
[BlackElo "2482"]
[Opening "Caro-Kann: two knights variation"]
[ECO "B10"]
[NIC "CK.01"]
[Time "14:31:16"]
[PlyCount "113"]
[TimeControl "4500+10"]

1. e4 c6 2. Nf3 d5 3. Nc3 dxe4 4. Nxe4 Nf6 5. Qe2 Na6 6. Nxf6+ gxf6 7. d4
h5 8. Bf4 h4 9. h3 Bf5 10. Qd2 Nc7 11. Bd3 Bxd3 12. Qxd3 Nd5 13. Bd2 Qd6
14. O-O-O e6 15. Rhe1 O-O-O 16. Kb1 Ne7 17. Qe4 Qd5 18. Qxd5 cxd5 19. c3
Nf5 20. Re2 Bd6 21. Bc1 Kd7 22. b3 Rc8 23. Rc2 b5 24. Rd3 Rhg8 25. Ne1 a5
26. Bd2 Rc6 27. Kb2 Bb8 28. Rf3 Ke7 29. Bf4 Rcc8 30. Kc1 Nd6 31. Bxd6+ Bxd6
32. Rd3 Rcd8 33. Kd1 Rc8 34. Ke2 Rc6 35. Kd1 Bb8 36. Rcd2 Bf4 37. Rc2 Rc7
38. Re2 Rg6 39. Rf3 Bh6 40. g4 hxg3 41. fxg3 Bg7 42. Ng2 Kd6 43. g4 e5 44.
Nh4 e4 45. Rg3 Bh6 46. Nxg6 fxg6 47. h4 Bf4 48. Rh3 Ke6 49. Rf2 Bd6 50. h5
Rh7 51. Ke2 g5 52. c4 bxc4 53. bxc4 dxc4 54. Ke3 c3 55. Kxe4 Rc7 56. Rc2
Bb4 57. a3 { Black resigns } 1-0

[Event "ICC tourney 2548 (75 10)"]
[Site "Internet Chess Club"]
[Date "2021.05.01"]
[Round "2"]
[White "HU, ALEXANDER C:ahu1015"]
[Black "LI, ERIC YUHAN:funplaychess"]
[Result "0-1"]
[ICCResult "White resigns"]
[WhiteElo "2023"]
[BlackElo "2277"]
[Opening "Sicilian: Najdorf, Adams attack"]
[ECO "B90"]
[NIC "SI.14"]
[Time "14:31:36"]
[PlyCount "134"]
[TimeControl "4500+10"]

1. e4 c5 2. Nf3 d6 3. d4 cxd4 4. Nxd4 Nf6 5. Nc3 a6 6. h3 e6 7. g4 h6 8.
Be3 Be7 9. Bg2 Nc6 10. Qe2 Bd7 11. O-O-O O-O 12. f4 Nxd4 13. Bxd4 Bc6 14.
h4 Nd7 15. g5 e5 16. fxe5 dxe5 17. Be3 g6 18. gxh6 Bxh4 19. Qg4 Be7 20. h7+
Kh8 21. Bh6 Re8 22. Rhf1 Bf8 23. Bg5 Be7 24. Be3 Kg7 25. Nd5 Rh8 26. Nb6
Qxb6 27. Bxb6 Nxb6 28. Rh1 Nc4 29. Rd3 Rxh7 30. Rxh7+ Kxh7 31. Bf1 Nd6 32.
Rh3+ Kg7 33. Bd3 Rd8 34. Rh2 Nxe4 35. Bxe4 Bxe4 36. a3 Bf5 37. Qg3 e4 38.
Rf2 Rd5 39. Rd2 Rc5 40. b4 Rc8 41. Rd5 Be6 42. Rd4 Bf6 43. Rxe4 Bf5 44. Re2
Rc3 45. Qb8 Rxa3 46. Rh2 Bh3 47. c4 g5 48. Rf2 Bd4 49. Rh2 g4 50. Kc2 Bf6
51. Kd1 Kg6 52. Qf4 Bg5 53. Qd6+ f6 54. Qe6 Ra1+ 55. Ke2 Ra2+ 56. Kd3 Rxh2
57. Qg8+ Kh5 58. Qe8+ Kh4 59. Qe1+ g3 60. Qe4+ Bg4 61. Qh7+ Bh5 62. Qe4+
Kh3 63. Qf5+ Kg2 64. Qd5+ Bf3 65. Qd4 Rh1 66. Qb2+ Kh3 67. Qd4 Rd1+ { White
resigns } 0-1

[Event "ICC tourney 2548 (75 10)"]
[Site "Internet Chess Club"]
[Date "2021.05.01"]
[Round "2"]
[White "SHARMA, VISHRUTH:VishyNo1"]
[Black "ZENG, ELBERT:investigator"]
[Result "1-0"]
[ICCResult "Black resigns"]
[WhiteElo "2081"]
[BlackElo "2123"]
[Opening "Pirc: Austrian attack, 6.Bd3"]
[ECO "B09"]
[NIC "PU.02"]
[Time "14:31:23"]
[PlyCount "159"]
[TimeControl "4500+10"]

1. e4 d6 2. d4 Nf6 3. Nc3 g6 4. f4 Bg7 5. Bd3 O-O 6. Nf3 Na6 7. a3 c5 8. d5
Nc7 9. Qe2 Bg4 10. h3 Bxf3 11. Qxf3 Rb8 12. Ne2 b5 13. c4 a6 14. O-O e6 15.
Nc3 exd5 16. cxd5 a5 17. Re1 Re8 18. Nd1 c4 19. Bc2 Ncxd5 20. Bd2 Qb6+ 21.
Kh2 Nc7 22. a4 b4 23. Ne3 Qc5 24. Rac1 Ne6 25. Bb1 Nd4 26. Qd1 Nxe4 27.
Bxe4 Rxe4 28. Nxc4 Rxe1 29. Bxe1 Rc8 30. Bd2 Qd5 31. b3 Nf5 32. Qe2 Rd8 33.
Rd1 Qa8 34. Qd3 Nh4 35. Ne3 Re8 36. Nd5 Qa7 37. Be3 Qd7 38. g4 g5 39. Kg3
Ng6 40. fxg5 Qe6 41. Qf5 Qe5+ 42. Qxe5 Rxe5 43. h4 Kf8 44. Bb6 Ne7 45. Ne3
d5 46. Bc5 Ke8 47. Kf3 Nc6 48. Rxd5 Rxd5 49. Nxd5 Bd4 50. Bd6 Kd7 51. Bg3
Ke6 52. Ke4 Be5 53. Bf2 Kd6 54. Bb6 Ke6 55. Ne3 Bg3 56. Nf5 Be5 57. h5 Bc3
58. Ne3 Bd2 59. Nc4 Bxg5 60. Bxa5 Be7 61. Bb6 Nb8 62. Nb2 Na6 63. Nd3 Bd6
64. Be3 f6 65. Kd4 f5 66. g5 Nc7 67. Kc4 Nd5 68. Bd2 f4 69. a5 f3 70. Be1
Ne3+ 71. Kb5 Ng4 72. a6 Bb8 73. Kb6 Ne5 74. Nc5+ Kd5 75. Bf2 Ng4 76. Nd3
Nxf2 77. Nxf2 Bg3 78. Ng4 f2 79. Ne3+ Ke6 80. a7 { Black resigns } 1-0

[Event "ICC tourney 2548 (75 10)"]
[Site "Internet Chess Club"]
[Date "2021.05.01"]
[Round "3"]
[White "LEVINE, JOSEPH:e4betterthand4"]
[Black "LUO, TERRY:Terry1234"]
[Result "1/2-1/2"]
[ICCResult "Game drawn by mutual agreement"]
[WhiteElo "2149"]
[BlackElo "2266"]
[Opening "Sicilian: Sozin, 7.Be3"]
[ECO "B89"]
[NIC "SI.26"]
[Time "18:01:47"]
[PlyCount "49"]
[TimeControl "4500+10"]

1. e4 c5 2. Nf3 d6 3. d4 cxd4 4. Nxd4 Nf6 5. Nc3 Nc6 6. Bc4 e6 7. Be3 Be7
8. O-O O-O 9. f4 a6 10. h3 Qc7 11. Bb3 b5 12. f5 Na5 13. fxe6 Nxb3 14.
exf7+ Rxf7 15. axb3 Bb7 16. Qd3 Re8 17. Ne6 Qd7 18. Ng5 Rff8 19. Nd5 Nxd5
20. exd5 Bxg5 21. Bxg5 Rxf1+ 22. Rxf1 Re5 23. Qf3 Qe8 24. Qg3 Qg6 25. Bf4 {
Game drawn by mutual agreement } 1/2-1/2

[Event "ICC tourney 2548 (75 10)"]
[Site "Internet Chess Club"]
[Date "2021.05.01"]
[Round "3"]
[White "HO, COOPER:arsenicblast"]
[Black "FANG, JADEN:SaltyCarrot777"]
[Result "1/2-1/2"]
[ICCResult "Game drawn by mutual agreement"]
[WhiteElo "1951"]
[BlackElo "2043"]
[Opening "Sicilian: Pelikan, Chelyabinsk variation"]
[ECO "B33"]
[NIC "SI.37"]
[Time "18:01:40"]
[PlyCount "60"]
[TimeControl "4500+10"]

1. e4 c5 2. Nf3 Nc6 3. d4 cxd4 4. Nxd4 Nf6 5. Nc3 e5 6. Ndb5 d6 7. Bg5 a6
8. Na3 b5 9. Nd5 Be7 10. Bxf6 Bxf6 11. c3 O-O 12. Nc2 Bg5 13. h4 Bh6 14.
Nce3 Bxe3 15. Nxe3 Be6 16. g4 Ne7 17. Bg2 Ng6 18. g5 Nf4 19. Bf3 f6 20. Bg4
Bxg4 21. Qxg4 Nd3+ 22. Ke2 Nf4+ 23. Kd2 d5 24. exd5 f5 25. Qf3 Nxd5 26.
Qxd5+ Qxd5+ 27. Nxd5 Rad8 28. Rad1 Rxd5+ 29. Ke2 Rfd8 30. Rxd5 Rxd5 { Game
drawn by mutual agreement } 1/2-1/2

[Event "ICC tourney 2548 (75 10)"]
[Site "Internet Chess Club"]
[Date "2021.05.01"]
[Round "3"]
[White "AHMED, SYED IBRAHIM:mr-sosa"]
[Black "KRISHNAKUMAR, SRIRAM:sriramk"]
[Result "1-0"]
[ICCResult "Black resigns"]
[WhiteElo "2086"]
[BlackElo "2149"]
[Opening "QGD Slav defense: exchange variation"]
[ECO "D10"]
[NIC "SL.01"]
[Time "18:01:40"]
[PlyCount "55"]
[TimeControl "4500+10"]

1. d4 d5 2. c4 c6 3. cxd5 cxd5 4. Bf4 Nf6 5. e3 Nc6 6. Bb5 Qb6 7. Nc3 Bf5
8. Nf3 e6 9. Ne5 Bb4 10. Qa4 Bxc3+ 11. bxc3 Rc8 12. Nxc6 bxc6 13. Ba6 Rd8
14. Qa3 Nd7 15. Bd6 f6 16. O-O Kf7 17. f3 Rde8 18. e4 dxe4 19. Rab1 Qd8 20.
Rb7 Kg8 21. Bc4 a5 22. Qb3 Nf8 23. Bxf8 Kxf8 24. fxe4 Bxe4 25. Bxe6 Bd5 26.
Qa3+ Re7 27. Bxd5 cxd5 28. Re1 { Black resigns } 1-0

[Event "ICC tourney 2548 (75 10)"]
[Site "Internet Chess Club"]
[Date "2021.05.01"]
[Round "3"]
[White "LI, ERIC YUHAN:funplaychess"]
[Black "QUIRKE, JEFFREY L:PawnEatingZombi"]
[Result "1/2-1/2"]
[ICCResult "Game drawn by mutual agreement"]
[WhiteElo "2277"]
[BlackElo "2185"]
[Opening "QGD: 3.Nc3"]
[ECO "D31"]
[NIC "QP.08"]
[Time "18:01:41"]
[PlyCount "51"]
[TimeControl "4500+10"]

1. d4 d5 2. c4 e6 3. Nc3 Bb4 4. e3 Nf6 5. a3 Bxc3+ 6. bxc3 c6 7. Bd3 O-O 8.
Nf3 b6 9. cxd5 cxd5 10. c4 Ba6 11. cxd5 Bxd3 12. Qxd3 Qxd5 13. O-O Nc6 14.
Rd1 Rfd8 15. Bb2 Ne4 16. Rac1 Rac8 17. Rc2 e5 18. Rdc1 exd4 19. Nxd4 Nxd4
20. Qxd4 Qxd4 21. Bxd4 Rxc2 22. Rxc2 Nc5 23. Kf1 Ne6 24. Bb2 f6 25. Ke2 Kf7
26. h4 { Game drawn by mutual agreement } 1/2-1/2

[Event "ICC tourney 2548 (75 10)"]
[Site "Internet Chess Club"]
[Date "2021.05.01"]
[Round "3"]
[White "SHEEHAN, ETHAN THOMAS:Chessking2008"]
[Black "DENG, HENRY:SuperPuzzler"]
[Result "1-0"]
[ICCResult "Black checkmated"]
[WhiteElo "2192"]
[BlackElo "2076"]
[Opening "English opening"]
[ECO "A16"]
[NIC "EO.64"]
[Time "18:01:43"]
[PlyCount "111"]
[TimeControl "4500+10"]

1. c4 Nf6 2. Nc3 d6 3. g3 Nbd7 4. Bg2 e5 5. e3 g6 6. Nge2 Bg7 7. O-O O-O 8.
d4 c6 9. h3 Qc7 10. b3 Rd8 11. Ba3 Nf8 12. Qd2 Be6 13. Rac1 Qa5 14. Bb2
Rac8 15. Rfd1 b5 16. Nd5 Qxd2 17. Ne7+ Kh8 18. Rxd2 Rc7 19. dxe5 Ne8 20.
Nxc6 Rdc8 21. cxb5 dxe5 22. Rcd1 f6 23. Ba3 Bf7 24. Nd8 Kg8 25. Nxf7 Kxf7
26. Bd5+ Ne6 27. Bc4 Rxc4 28. bxc4 Rxc4 29. Rd7+ Kg8 30. Rxa7 Rc8 31. Rdd7
N6c7 32. b6 Nb5 33. b7 Nxa7 34. bxc8=Q Nxc8 35. Rd8 Nb6 36. Rxe8+ Kf7 37.
Re7+ Kg8 38. Rb7 Nc4 39. Bb4 Nb2 40. Nc3 Nd3 41. Bd6 f5 42. a4 e4 43. Nd5
Nb2 44. Ne7+ Kf7 45. Nxf5+ Ke6 46. Nxg7+ Kxd6 47. Rxb2 Ke7 48. a5 Kf7 49.
a6 Kxg7 50. a7 Kf6 51. a8=Q Kf7 52. Rb7+ Kf6 53. Qa5 h6 54. Rb6+ Kg7 55.
Qa7+ Kg8 56. Rb8# { Black checkmated } 1-0

[Event "ICC tourney 2548 (75 10)"]
[Site "Internet Chess Club"]
[Date "2021.05.01"]
[Round "3"]
[White "PACIORKOWSKI, LEV:paciorkowski"]
[Black "REMPE, JONAS JAKOB RAZA:Drachekokosnuss"]
[Result "1-0"]
[ICCResult "Black resigns"]
[WhiteElo "2482"]
[BlackElo "2100"]
[Opening "Queen's pawn game, Darooha variation "]
[ECO "D02"]
[NIC "QP.06"]
[Time "18:01:38"]
[PlyCount "105"]
[TimeControl "4500+10"]

1. Nf3 Nf6 2. d4 d5 3. g3 e6 4. Bg2 c5 5. c4 Nc6 6. cxd5 exd5 7. O-O Bd6 8.
dxc5 Bxc5 9. a3 Be6 10. b4 Bb6 11. Bb2 O-O 12. Nbd2 Ne4 13. Nb3 Qd7 14.
Nbd4 Rac8 15. Nxc6 Qxc6 16. Rc1 Qd6 17. Bd4 Rxc1 18. Qxc1 Bxd4 19. Nxd4 Rc8
20. Qb2 Nc3 21. Rc1 Qc7 22. Kh1 Qc4 23. e3 h6 24. Nb3 b6 25. Nd4 Qd3 26.
Nxe6 fxe6 27. Qc2 Qxc2 28. Rxc2 Rc7 29. Bf1 Nb5 30. Rxc7 Nxc7 31. Kg2 a6
32. Kf3 Kf7 33. e4 Kf6 34. Ke3 Ke5 35. f4+ Kd6 36. Kd4 dxe4 37. Kxe4 b5 38.
Kd4 Nd5 39. Bg2 Nc7 40. Bb7 g5 41. fxg5 hxg5 42. h4 gxh4 43. gxh4 e5+ 44.
Ke4 Ke6 45. h5 Ne8 46. Bc8+ Kf6 47. Kd5 e4 48. Bg4 Kg5 49. Bd1 Kf4 50. Ke6
Ke3 51. h6 Kd2 52. Bg4 Nc7+ 53. Ke5 { Black resigns } 1-0

[Event "ICC tourney 2548 (75 10)"]
[Site "Internet Chess Club"]
[Date "2021.05.01"]
[Round "3"]
[White "CHEN, RYO WENYU:e4f5"]
[Black "Volkov, Sergey:Volkov"]
[Result "0-1"]
[ICCResult "White resigns"]
[WhiteElo "2295"]
[BlackElo "2607"]
[Opening "French: Tarrasch, closed variation"]
[ECO "C05"]
[NIC "FR.17"]
[Time "18:01:48"]
[PlyCount "62"]
[TimeControl "4500+10"]

1. e4 e6 2. d4 d5 3. Nd2 Nf6 4. e5 Nfd7 5. Bd3 c5 6. c3 Nc6 7. Ngf3 a5 8.
O-O a4 9. Re1 a3 10. c4 cxd4 11. cxd5 Nc5 12. Bb5 exd5 13. bxa3 Ne6 14. Nb3
Bd7 15. Nfxd4 Ncxd4 16. Bxd7+ Qxd7 17. Nxd4 Bc5 18. Nb3 Bb6 19. Bb2 O-O 20.
Qd2 Ra4 21. Rad1 Rd8 22. g3 h5 23. Qe2 h4 24. Kg2 d4 25. Rd3 h3+ 26. Kg1
Rc4 27. Red1 Qc6 28. f4 Rc2 29. R1d2 Rxd2 30. Qxd2 Qe4 31. f5 Ng5 { White
resigns } 0-1

[Event "ICC tourney 2548 (75 10)"]
[Site "Internet Chess Club"]
[Date "2021.05.01"]
[Round "3"]
[White "ZENG, ELBERT:investigator"]
[Black "TURCOTTE,JONATHAN:JonnyTurgi"]
[Result "0-1"]
[ICCResult "White resigns"]
[WhiteElo "2123"]
[BlackElo "2100"]
[Opening "English: Caro-Kann defensive system"]
[ECO "A11"]
[NIC "RE.06"]
[Time "18:01:51"]
[PlyCount "116"]
[TimeControl "4500+10"]

1. c4 c6 2. g3 d5 3. Bg2 Nf6 4. Nf3 Bf5 5. O-O e6 6. cxd5 exd5 7. d3 Be7 8.
Nbd2 O-O 9. Re1 h6 10. b3 Re8 11. Bb2 Nbd7 12. Qc2 Bh7 13. Rad1 Qb6 14. e4
dxe4 15. dxe4 Rad8 16. Qc4 Qc5 17. e5 Nd5 18. Bd4 Qxc4 19. Nxc4 Nf8 20. Ne3
Bb4 21. Rf1 Nc3 22. Bxc3 Bxc3 23. Rd6 Bb4 24. Rd4 Rxd4 25. Nxd4 Rxe5 26.
Nc4 Re8 27. a3 Bc5 28. Nf3 Bd3 29. Re1 Rxe1+ 30. Nxe1 Bxc4 31. bxc4 Bxa3
32. Nd3 Ne6 33. Kf1 Bd6 34. Ke2 Kf8 35. h3 Ke7 36. Ke3 a5 37. Nb2 Bc5+ 38.
Ke2 Bd4 39. Nd3 Kd6 40. f4 f5 41. g4 g6 42. gxf5 gxf5 43. h4 a4 44. Kf3 a3
45. Nc1 Nc5 46. Bh3 Bb2 47. Na2 Ke6 48. Ke3 b5 49. cxb5 cxb5 50. Bf1 Ne4
51. Bxb5 Kd5 52. h5 Bd4+ 53. Kd3 Nc5+ 54. Ke2 Ke4 55. Bc4 Kxf4 56. Nb4 Kg4
57. Nd3 Ne4 58. Bf7 a2 { White resigns } 0-1

[Event "ICC tourney 2548 (75 10)"]
[Site "Internet Chess Club"]
[Date "2021.05.01"]
[Round "3"]
[White "CHEUNG, RYAN:H2ODerp"]
[Black "OTAWA, YUTO:hidedozyo"]
[Result "1/2-1/2"]
[ICCResult "Game drawn by mutual agreement"]
[WhiteElo "2069"]
[BlackElo "2344"]
[Opening "Two knights defense"]
[ECO "C56"]
[NIC "KP.02"]
[Time "18:01:38"]
[PlyCount "74"]
[TimeControl "4500+10"]

1. e4 e5 2. Nf3 Nc6 3. d4 exd4 4. Bc4 Nf6 5. O-O Nxe4 6. Re1 d5 7. Bxd5
Qxd5 8. Nc3 Qa5 9. Nxe4 Be6 10. Neg5 O-O-O 11. Nxe6 fxe6 12. Rxe6 Kd7 13.
Qe2 Bd6 14. Bg5 Rde8 15. Re1 Qxe1+ 16. Qxe1 Rxe6 17. Qd2 Rhe8 18. Kf1 Kc8
19. g3 Re4 20. Qd3 h6 21. Bd2 g5 22. c3 dxc3 23. Bxc3 Bc5 24. Nd2 R4e6 25.
Qf5 Bd4 26. Nf3 Bb6 27. Ne5 Nxe5 28. Bxe5 Kb8 29. f4 gxf4 30. gxf4 a5 31.
Kg2 Rc6 32. Kf3 Rd8 33. h4 Rd2 34. Kg4 Rg2+ 35. Kh5 Rh2 36. Qf8+ Ka7 37.
Qd8 Rf2 { Game drawn by mutual agreement } 1/2-1/2

[Event "ICC tourney 2548 (75 10)"]
[Site "Internet Chess Club"]
[Date "2021.05.01"]
[Round "3"]
[White "WANG, ALEXANDER J:ickyquarter"]
[Black "RAMA, TEJAS:tejasrama"]
[Result "0-1"]
[ICCResult "White resigns"]
[WhiteElo "2050"]
[BlackElo "2282"]
[Opening "Sicilian: Najdorf, Zagreb (fianchetto) variation"]
[ECO "B91"]
[NIC "SI.14"]
[Time "18:01:42"]
[PlyCount "128"]
[TimeControl "4500+10"]

1. e4 c5 2. Nf3 d6 3. d4 cxd4 4. Nxd4 Nf6 5. Nc3 a6 6. g3 e5 7. Nde2 Nbd7
8. Bg2 Be7 9. O-O O-O 10. h3 b5 11. Nd5 Nxd5 12. exd5 Bb7 13. Be3 Rc8 14.
c3 Bg5 15. Kh2 Bxe3 16. fxe3 Qb6 17. Qd2 a5 18. Rac1 b4 19. c4 Ba6 20. b3
a4 21. Be4 Nc5 22. Bc2 axb3 23. axb3 Ra8 24. g4 Bb7 25. Ra1 Ra5 26. Ng3
Rfa8 27. Rxa5 Rxa5 28. Qf2 Qc7 29. Nf5 Ra2 30. Nh6+ gxh6 31. Bxh7+ Kxh7 32.
Qxa2 Kg7 33. Qc2 Qe7 34. Kg2 Qg5 35. Qf2 f6 36. Qf5 Qxf5 37. gxf5 Bc8 38.
Kg3 Nxb3 39. Rb1 Nc5 40. Rxb4 Bxf5 41. Rb6 Kf7 42. Kg2 Ke7 43. h4 Bd3 44.
Rb4 f5 45. Kf3 Be4+ 46. Kg3 f4+ 47. exf4 exf4+ 48. Kh2 f3 49. Kg1 f2+ 50.
Kf1 Bf5 51. Rb2 Bh3+ 52. Kxf2 Nd3+ 53. Kg3 Nxb2 54. Kxh3 Nxc4 55. Kg4 Ne3+
56. Kh5 Nxd5 57. Kxh6 Kf6 58. Kh5 Ne3 59. Kh6 d5 60. h5 d4 61. Kh7 Nf5 62.
Kh8 d3 63. Kh7 d2 64. h6 d1=Q { White resigns } 0-1